 Dungeon Crawl Stone Soup version 0.31-a0-662-g684573625c (webtiles) character file.

Game seed: 1139033231231946303

7661 kae the Arsonist (level 11, -2/63 HPs)
             Began as a Tengu Fire Elementalist on Sept 1, 2023.
             Was a Believer of Vehumet.
             Killed from afar by a catoblepas (4 damage)
             ... with a blast of calcifying dust
             ... while petrified by a catoblepas
             ... on level 1 of the Lair of Beasts.
             The game lasted 00:11:15 (12213 turns).

kae the Arsonist (Tengu Fire Elementalist)         Turns: 12213, Time: 00:11:16

Health: -2/63      AC:  5    Str:  9    XL:     11   Next: 18%
Magic:  2/22       EV:  2    Int: 19    God:    Vehumet [**....]
Gold:   727        SH:  0    Dex: 15    Spells: 14/24 levels left

rFire   . . .        p - staff of earth {!a}
rCold   . . .        (no shield)
rNeg    + + +        a - +1 robe
rPois   ∞            i - +2 hat
rElec   .            (no cloak)
rCorr   .            (no gloves)
SInv    .            (boots unavailable)
Will    .....        A - amulet of the acrobat
Stlth   ++           P - ring of poison resistance
HPRegen 0.30/turn    E - +5 ring of evasion
MPRegen 0.18/turn

%: acrobat
@: petrified, flying
A: beak, talons 3, evasive flight, acrobatic
a: Renounce Religion


You were on level 1 of the Lair of Beasts.
You worshipped Vehumet.
Vehumet was pleased with you.
You visited 3 branches of the dungeon, and saw 12 of its levels.
You also visited: Ossuary.

You collected 727 gold pieces.


Innate Abilities, Weirdness & Mutations

You have a beak for a mouth.
You have claws for feet.
Your magical flight helps you evade attacks. (EV +4)
You can magically evade attacks while moving or waiting.


   Skills:
 * Level 5.1 Fighting
 * Level 6.1 Dodging
 - Level 2.0 Stealth
 + Level 7.0 Spellcasting
 + Level 9.5 Conjurations
 - Level 3.0 Hexes
 * Level 11.8 Fire Magic


You had 14 spell levels left.
You knew the following spells:

 Your Spells              Type           Power      Damage    Failure   Level
a - Foxfire               Conj/Fire      100%       2x1d9     1%          1
b - Scorch                Fire           100%       2d9       1%          2
c - Inner Flame           Hex/Fire       34%        N/A       1%          3
d - Flame Wave            Conj/Fire      47%        2d12      1%          4

Your spell library contained the following spells:

 Spells                   Type           Power      Damage    Failure   Level
 Kiss of Death            Conj/Necr      96%        2d12      1%          1
 Momentum Strike          Conj/Tloc      48%        3d9       2%          2
 Volatile Blastmotes      Fire/Tloc      58%        2d14      2%          3
 Stone Arrow              Conj/Erth      74%        3d11      4%          3
 Mephitic Cloud           Conj/Pois/Air  18%        N/A       9%          3
 Sandblast                Erth           20%        2d7       10%         1
 Blink                    Tloc           12%        N/A       16%         2
 Cigotuvi's Dreadful Rot  Necr/Pois/Air  12%        N/A       16%         2
 Lesser Beckoning         Tloc           12%        N/A       16%         2
 Passwall                 Tmut/Erth      8%         N/A       16%         2
 Poisonous Vapours        Pois/Air       12%        N/A       16%         2
 Teleport Other           Tloc           6%         N/A       30%         3
 Anguish                  Hex/Necr       6%         N/A       47%         4
 Freezing Cloud           Conj/Ice/Air   9%         6-21      58%         5
 Leda's Unmaking          Conj/Erth      18%        9d4       91%         6
 Dispersal                Tloc           3%         N/A       100%        6
 Summon Cactus Giant      Summ           3%         N/A       100%        6
 Enfeeble                 Hex            9%         N/A       100%        7

Inventory:

Missiles
 e - 69 stones
 k - 14 boomerangs
 y - 6 javelins
 F - 2 curare-tipped darts {=f}
 G - 5 poisoned darts
 H - a throwing net {=f!f}
Armour
 a - a +1 robe (worn)
 i - a +2 hat (worn)
   (You found it on level 2 of the Dungeon)
Magical Staves
 p - a staff of earth (weapon) {!a}
   (You found it on level 4 of the Dungeon)
 q - a staff of death {!a}
   (You found it on level 7 of the Dungeon)
Jewellery
 d - a +6 ring of dexterity
   (You took it off a wight on level 8 of the Dungeon)
 A - an amulet of the acrobat (around neck)
   (You found it on level 2 of the Dungeon)
 B - a ring of willpower
   (You found it on level 8 of the Dungeon)
 C - a ring of ice
   (You found it on level 3 of the Dungeon)
 D - a +6 ring of dexterity
   (You found it on level 6 of the Dungeon)
 E - a +5 ring of evasion (right hand)
   (You found it on level 5 of the Dungeon)
 P - a ring of poison resistance (left hand)
   (You found it on level 2 of the Dungeon)
 R - a ring of resist corrosion
   (You found it on level 9 of the Dungeon)
 S - a +6 ring of strength
   (You found it on level 3 of the Dungeon)
Wands
 b - a wand of flame (75)
   (You took it off Sigmund on level 2 of the Dungeon)
 v - a wand of mindburst (15)
   (You took it off Ijyb on level 5 of the Dungeon)
 z - a wand of roots (19)
   (You found it on level 8 of the Dungeon)
Scrolls
 c - 2 scrolls of blinking {!r}
 g - 3 scrolls of amnesia
 l - 4 scrolls of fog
 m - 2 scrolls of identify {@r1}
 o - 2 scrolls of teleportation {@r4}
 s - a scroll of fear
 t - a scroll of vulnerability {!r!r}
 w - 3 scrolls of enchant armour
 x - a scroll of enchant weapon
 J - a scroll of revelation
Potions
 f - 2 potions of curing {@q1}
 h - 2 potions of haste {@q3}
 j - a potion of enlightenment
 n - a potion of heal wounds {@q2}
 r - 3 potions of degeneration {!q}
 u - 2 potions of mutation {!q}
 I - 2 potions of brilliance
 K - a potion of invisibility

Dungeon Overview and Level Annotations

Branches:
Dungeon (10/15) Zot: 25945  Temple (1/1) D:7 Zot: 5973    Lair (1/5) D:9 Zot: 5846
    Orc (0/2) D:10        Ossuary (visited)

Altars:
Ashenzari
Cheibriados
Dithmenos
Elyvilon
Fedhas
Gozag
Hepliaklqana
Kikubaaqudgha
Makhleb
Nemelex Xobeh
Okawaru
Qazlal
Ru
Sif Muna
Trog
Uskayaw
Vehumet
Wu Jian
Xom
Yredelemnul
Zin
The Shining One

Annotations:
D:3 2 transporters
D:7 exclusion: hornet
D:10 3 runed translucent doors, FearOfTheDuck's ghost, journeyman VSEn; Yorgos's ghost, novice TrSh; kaychamo's ghost, journeyman DjSh

.$# ###.#.## #.# ##......#
#.### #.......# ....##
####......#
.....####.........# ## S.
....#.....##^.....####.#.F..
....#.P#####....§..#§.......
......## #....§.#†.# ....###
#...F@F†.## ....# #....Y†###
....# #.#....# .## ##..#
#......# .. ....# #.......#
## .# #..# #...####..#
##.#.# #.# #.## ...#..#
....### ..
.......#####+.###.
......#.##.....#.#


You could see a catoblepas, a cane toad and a bullfrog (petrified).


Message History

* * * LOW HITPOINT WARNING * * *
The blink frog blinks!
The rime drake is engulfed in calcifying dust.
The rime drake stops moving altogether!
The rime drake is engulfed in calcifying dust. 😨 HP[-1]
You take 1 damage, and now have 29/63 hp.
Unknown command.
Casting: Flame Wave (dangerous; 1% risk of failure)
Confirm with . or Enter, or press ? or * to list all spells.
Casting: Flame Wave (dangerous; 1% risk of failure)
Press: ? - help, Dir - look around, f - activate A wave of flame ripples out!
The flame wave engulfs the catoblepas.
The flame wave engulfs the rime drake! (Press . to intensify the flame waves.)
The catoblepas completely misses you.
The rime drake is engulfed in calcifying dust. 😨 HP[+1] MP[-4]
You lost 4 mp, and now have 7/22 mp.
A wave of flame ripples out!
The flame wave engulfs the catoblepas!
The flame wave engulfs the rime drake.
The flame wave engulfs the blink frog!
You kill the blink frog!
Vehumet accepts your kill.
The catoblepas breathes a plume of calcifying dust at you.
The blast of calcifying dust hits you!
* * * LOW HITPOINT WARNING * * *
😨 HP[-9] MP[-1]
You take 9 damage, and now have 21/63 hp.
You lost 1 mp, and now have 6/22 mp.
A wave of flame ripples out!
The flame wave engulfs the catoblepas!
The flame wave engulfs the rime drake!
The flame wave engulfs the bullfrog!
You finish channelling waves of flame.
You are engulfed in calcifying dust.
You are slowing down.
You hear a loud, deep croak!
The catoblepas barely misses you. 😨 MP[-1]
You lost 1 mp, and now have 5/22 mp.
Unknown command.
Casting: Flame Wave (dangerous; 1% risk of failure)
Confirm with . or Enter, or press ? or * to list all spells.
Casting: Flame Wave (dangerous; 1% risk of failure)
Press: ? - help, Dir - look around, f - activate A wave of flame ripples out!
The flame wave engulfs the catoblepas!
The flame wave engulfs the rime drake! (Press . to intensify the flame waves.)
You are engulfed in calcifying dust.
The bullfrog is engulfed in calcifying dust.
The bullfrog is moving more slowly.
The bullfrog misses you. The catoblepas gores you.
* * * LOW HITPOINT WARNING * * *
Your limbs are stiffening. 😨 MP[-3]
You lost 3 mp, and now have 2/22 mp.
Unknown command.
A wave of flame ripples out!
The flame wave engulfs the bullfrog!
The flame wave engulfs the catoblepas!
The flame wave engulfs the rime drake!
You kill the rime drake!
Vehumet accepts your kill.
Vehumet offers you knowledge of Kiss of Death.
You are engulfed in calcifying dust.
The bullfrog is engulfed in calcifying dust.
The bullfrog stops moving altogether!
The bullfrog is engulfed in calcifying dust.
The catoblepas gores you but does no damage.
The bullfrog is engulfed in calcifying dust. x2
The catoblepas completely misses you.
You have turned to stone.
The catoblepas gores you.
* * * LOW HITPOINT WARNING * * *
The catoblepas breathes a plume of calcifying dust at you.
The blast of calcifying dust hits you.
* * * LOW HITPOINT WARNING * * *
You are engulfed in calcifying dust.
A cane toad comes into view.
The catoblepas breathes a plume of calcifying dust at you.
The blast of calcifying dust hits you.
* * * LOW HITPOINT WARNING * * *
You are engulfed in calcifying dust.
The catoblepas gores you but does no damage.
You are engulfed in calcifying dust.
The catoblepas gores you!
* * * LOW HITPOINT WARNING * * *
You are engulfed in calcifying dust.
The catoblepas breathes a plume of calcifying dust at you.
The blast of calcifying dust hits you.
* * * LOW HITPOINT WARNING * * *
You are engulfed in calcifying dust.
The cane toad croaks.
The catoblepas gores you.
* * * LOW HITPOINT WARNING * * *
You hear the loud beating of a very distant drum.
You are engulfed in calcifying dust.
The catoblepas breathes a plume of calcifying dust at you.
The blast of calcifying dust hits you!
* * * LOW HITPOINT WARNING * * *
The cane toad stings you.
* * * LOW HITPOINT WARNING * * *
The catoblepas breathes a plume of calcifying dust at you.
The blast of calcifying dust hits you!
You die...

Skill      XL: |  1  2  3  4  5  6  7  8  9 10 11 |
---------------+----------------------------------+-----
Conjurations   | 2 3 4 5 6 8 9 |  9.5
Fire Magic     | 4 5 6 7 8 10 11 | 11.8
Spellcasting   | 3 4 5 6 7 |  7.0
Hexes          | 1 2 3 |  3.0
Fighting       | 1 4 5 |  5.1
Dodging        | 3 5 6 |  6.1
Stealth        | |  2.0

Action                     |  1- 3 |  4- 6 |  7- 9 | 10-12 || total
---------------------------+-------+-------+-------+-------++-------
  Melee: Unarmed           |     3 |       |     1 |       ||     4
         Peck              |     1 |       |     3 |     2 ||     6
         Staff             |       |       |    12 |    11 ||    23
         Kick              |       |       |     3 |     6 ||     9
   Cast: Foxfire           |    42 |    42 |   203 |    67 ||   354
         Scorch            |     5 |    13 |   105 |    20 ||   143
         Inner Flame       |       |       |     5 |     1 ||     6
         Flame Wave        |       |       |     5 |    11 ||    16
    Use: Scroll            |     3 |     4 |    15 |     2 ||    24
         Potion            |     1 |     1 |     1 |       ||     3
 Armour: Robe              |    11 |    20 |    76 |    41 ||   148
  Dodge: Dodged            |    16 |    24 |   210 |   104 ||   354

Levels and vault maps discovered:
D:1:      dpeg_arrival_boxes_within_box, layout_basic
D:2:      layout_loops_ring, uniq_sigmund, uniq_natasha
D:3:      gammafunk_wand_slinger, layout_rooms
D:4:      layout_basic, lemuel_doored_altar
D:5:      layout_loops_ring, enter_ossuary_2, uniq_duvessa, uniq_ijyb
D:6:      layout_loops_ring
D:7:      layout_loops_corners, mainiacjoe_overflow_catwalk_spiral,
          minmay_temple_entry_sparse_star
D:8:      layout_rooms
D:9:      layout_irregular_city, lair_entry_dummy
D:10:     layout_basic, david_orc_3, gammafunk_ghost_cemetery
Temple:   hellmonk_temple_divided_pantheon
Lair:1:   layout_roguey, gauntlet_entry_generic, serial_bayou_shore_b,
          grunt_megastairs_2

Notes
Turn   | Place    | Note
-------+----------+-------------------------------------------
     0 | D:1      | kae the Tengu Fire Elementalist began the quest for the
                  | Orb.
     0 | D:1      | Reached XP level 1. HP: 10/10 MP: 4/4
     0 | D:1      | magus.rc [v1.11.3]
   281 | D:1      | Reached XP level 2. HP: 15/15 MP: 1/6
   331 | D:1      | Learned a level 2 spell: Scorch
   512 | D:1      | Reached skill level 2 in Conjurations
  1155 | D:2      | Reached skill level 4 in Fire Magic
  1155 | D:2      | Reached XP level 3. HP: 19/19 MP: 2/7
  1159 | D:2      | Learned a level 3 spell: Inner Flame
  1523 | D:2      | Noticed Natasha
  1550 | D:2      | Killed Natasha
  1551 | D:2      | Reached XP level 4. HP: 21/24 MP: 5/8
  1630 | D:2      | Noticed Natasha
  1638 | D:2      | Killed Natasha
  1661 | D:2      | Noticed Sigmund
  1668 | D:2      | Killed Sigmund
  1669 | D:2      | Reached skill level 3 in Spellcasting
  1669 | D:2      | Reached skill level 3 in Conjurations
  1669 | D:2      | Reached skill level 1 in Hexes
  1669 | D:2      | Reached skill level 5 in Fire Magic
  1669 | D:2      | Reached XP level 5. HP: 16/28 MP: 6/10
  1669 | D:2      | Reached XP level 6. HP: 18/32 MP: 6/11
  2014 | D:3      | Found a transporter.
  2205 | D:3      | Found a transporter.
  2354 | D:3      | Noticed a black bear
  2444 | D:3      | Killed a black bear
  2445 | D:3      | Reached skill level 4 in Conjurations
  2523 | D:3      | You pick up a book of Scorching and begin reading...
  2981 | D:4      | Reached skill level 6 in Fire Magic
  2981 | D:4      | Gained mutation: Your magical flight helps you evade
                  | attacks. (EV +4) [Tengu growth]
  2981 | D:4      | Reached XP level 7. HP: 36/36 MP: 9/13
  3069 | D:4      | You pick up a book of Vapours and begin reading...
  3069 | D:4      | You add the spells Poisonous Vapours, Mephitic Cloud and
                  | Freezing Cloud to your library.
  3343 | D:4      | You add the spells Cigotuvi's Dreadful Rot, Teleport Other
                  | and Dispersal to your library.
  3343 | D:4      | Got the Enchiridion on Pestilence and Nonlocality
  3553 | D:4      | Found a snail-covered altar of Cheibriados.
  3798 | D:5      | Entered Level 5 of the Dungeon
  3815 | D:5      | Reached skill level 2 in Hexes
  3848 | D:5      | Learned a level 4 spell: Flame Wave
  4044 | D:5      | Found a sand-covered staircase.
  4049 | Ossuary  | Entered an ossuary
  4576 | Ossuary  | Reached skill level 5 in Conjurations
  4700 | Ossuary  | Reached skill level 4 in Spellcasting
  4825 | Ossuary  | Reached skill level 7 in Fire Magic
  4825 | Ossuary  | Reached XP level 8. HP: 39/41 MP: 9/15
  5479 | D:5      | Noticed Duvessa
  5491 | D:5      | Noticed Dowan
  5676 | D:5      | Killed Duvessa
  5749 | D:5      | Killed Dowan
  6046 | D:5      | Reached skill level 3 in Hexes
  6066 | D:5      | Noticed Ijyb
  6071 | D:5      | Reached skill level 6 in Conjurations
  6071 | D:5      | Reached skill level 8 in Fire Magic
  6234 | D:5      | Killed Ijyb
  6466 | D:5      | You pick up a book of Geomancy and begin reading...
  6466 | D:5      | You add the spells Sandblast, Passwall and Stone Arrow to
                  | your library.
  6971 | D:6      | Reached skill level 5 in Spellcasting
  7051 | D:6      | Reached XP level 9. HP: 45/45 MP: 11/17
  7056 | D:6      | Reached skill level 9 in Fire Magic
  7214 | D:6      | Reached skill level 7 in Conjurations
  7646 | D:7      | Found a staircase to the Ecumenical Temple.
  7780 | Temple   | Found a transporter.
  7780 | Temple   | Found a transporter.
  7780 | Temple   | Found a transporter.
  7780 | Temple   | Found a transporter.
  7780 | Temple   | Entered the Ecumenical Temple
  7793 | Temple   | Became a worshipper of Vehumet
  7922 | D:7      | Noticed a hornet
  8010 | D:7      | Found a bloodstained altar of Trog.
  8057 | D:7      | Found a sparkling altar of Nemelex Xobeh.
  8656 | D:8      | You pick up a book of Spatial Translocations and begin
                  | reading...
  8656 | D:8      | You add the spells Blink, Momentum Strike and Lesser
                  | Beckoning to your library.
  8896 | D:8      | Identified the +8 short sword of the Demagogue {flame,
                  | Str-5 Int+3 Stlth+}
  9258 | D:8      | Reached skill level 10 in Fire Magic
  9450 | D:8      | Reached skill level 8 in Conjurations
  9460 | D:8      | Reached skill level 6 in Spellcasting
  9798 | D:9      | Found a staircase to the Lair.
  9814 | D:9      | Reached * piety under Vehumet
  9814 | D:9      | Offered knowledge of Magic Dart by Vehumet.
  9814 | D:9      | HP: 8/45 [yak (11)]
  9815 | D:9      | Reached skill level 1 in Fighting
  9816 | D:9      | Reached skill level 3 in Dodging
  9816 | D:9      | Reached XP level 10. HP: 10/53 MP: 7/20
  9817 | D:9      | Reached skill level 2 in Fighting
 10735 | D:9      | Reached skill level 3 in Fighting
 10735 | D:9      | Reached skill level 4 in Dodging
 10735 | D:9      | Reached skill level 11 in Fire Magic
 11008 | D:10     | Entered Level 10 of the Dungeon
 11170 | D:10     | Killed an unseen horror
 11171 | D:10     | Reached skill level 9 in Conjurations
 11318 | D:10     | Found a staircase to the Orcish Mines.
 11561 | D:10     | Found a runed translucent gate.
 11561 | D:10     | Found a runed translucent gate.
 11561 | D:10     | Found a runed translucent gate.
 11561 | D:10     | Noticed kaychamo's ghost (journeyman DjSh)
 11562 | D:10     | Noticed FearOfTheDuck's ghost (journeyman VSEn)
 11562 | D:10     | Noticed Yorgos's ghost (novice TrSh)
 11576 | D:10     | Reached skill level 4 in Fighting
 11576 | D:10     | Reached skill level 5 in Dodging
 11800 | D:10     | You add the spells Anguish, Leda's Unmaking and Enfeeble to
                  | your library.
 11800 | D:10     | Got the Almanac of the Unfortunate Xenolith
 12062 | Lair:1   | Entered Level 1 of the Lair of Beasts
 12090 | Lair:1   | Noticed a catoblepas
 12091 | Lair:1   | Noticed a cane toad
 12190 | Lair:1   | Reached XP level 11. HP: 50/62 MP: 13/22
 12196 | Lair:1   | Reached skill level 7 in Spellcasting
 12197 | Lair:1   | Reached skill level 5 in Fighting
 12197 | Lair:1   | Reached skill level 6 in Dodging
 12204 | Lair:1   | Reached ** piety under Vehumet
 12204 | Lair:1   | Offered knowledge of Kiss of Death by Vehumet.
 12207 | Lair:1   | HP: 15/63 [catoblepas/blast of calcifying dust (2)]
 12211 | Lair:1   | HP: 7/63 [catoblepas (3)]
 12212 | Lair:1   | HP: 3/63 [catoblepas/blast of calcifying dust (4)]
 12213 | Lair:1   | Killed from afar by a catoblepas

Vanquished Creatures
  A rime drake (Lair:1)
  An unseen horror (D:10)
  5 blink frogs (Lair:1)
  Sigmund (D:2)
  12 yaks
  A wyvern (D:8)
  A basilisk (Lair:1)
  3 water moccasins (Lair:1)
  An acid dragon (D:10)
  Duvessa (D:5)
  3 orc warriors
  2 black bears
  2 ice beasts
  2 ogres
  2 phantoms
  6 centaurs
  2 bullfrogs
  A gnoll sergeant (D:9)
  A scorpion (D:6)
  8 wights
  Dowan (D:5)
  3 howler monkeys
  2 centaur zombies (Ossuary)
  2 jellies
  4 orc priests
  2 hounds (D:6)
  A human zombie (Ossuary)
  Ijyb (D:5)
  Natasha (twice) (D:2)
  7 iguanas
  10 orc wizards
  3 sleepcaps
  3 ogre zombies (Ossuary)
  7 mummies (Ossuary)
  3 gnolls (D:9)
  10 adders
  2 shadow imps
  A white imp (D:6)
  6 adder zombies (Ossuary)
  3 dart slugs
  21 orcs
  7 endoplasms
  A giant cockroach (D:1)
  5 goblins
  6 hobgoblins
  2 jackals (D:3)
  A quokka (D:5)
  7 ball pythons
  3 bats
  2 frilled lizards (D:1)
  A goblin zombie (Ossuary)
  3 hobgoblin zombies (Ossuary)
  7 kobolds
  8 kobold zombies (Ossuary)
  A quokka zombie (Ossuary)
  4 rats
  5 rat zombies (Ossuary)
213 creatures vanquished.

Vanquished Creatures (others)
  599 foxfires
599 creatures vanquished.

Grand Total: 812 creatures vanquished

Table legend:
 A = Non-vault XP
 B = Vault XP
 C = Vault XP percentage of total XP
 D = Non-vault monster count
 E = Vault monster count
 F = Vault count percentage of total count
                 A         B        C        D         E       F
            +---------+---------+-------+---------+---------+-------
      Total |    8410 |    2535 |  23.2 |     161 |      52 |  24.4
            +---------+---------+-------+---------+---------+-------
        D:1 |      29 |       0 |   0.0 |      20 |       0 |   0.0
        D:2 |      57 |     267 |  82.4 |       9 |       2 |  18.2
        D:3 |     198 |       0 |   0.0 |      19 |       0 |   0.0
        D:4 |     150 |       0 |   0.0 |       9 |       0 |   0.0
        D:5 |     780 |     250 |  24.3 |      24 |       3 |  11.1
        D:6 |     535 |       0 |   0.0 |      11 |       0 |   0.0
        D:7 |     445 |       0 |   0.0 |       8 |       0 |   0.0
        D:8 |    1143 |       0 |   0.0 |      20 |       0 |   0.0
        D:9 |    2530 |       0 |   0.0 |      25 |       0 |   0.0
       D:10 |    1754 |     120 |   6.4 |      12 |       4 |  25.0
     Lair:1 |     789 |    1509 |  65.7 |       4 |       6 |  60.0
    Ossuary |       0 |     389 | 100.0 |       0 |      37 | 100.0
            +---------+---------+-------+---------+---------+-------

Skill      XL: |  1  2  3  4  5  6  7  8  9 10 11 |
---------------+----------------------------------+-----
Conjurations   | 2 3 4 5 6 8 9 |  9.5
Fire Magic     | 4 5 6 7 8 10 11 | 11.8
Spellcasting   | 3 4 5 6 7 |  7.0
Hexes          | 1 2 3 |  3.0
Fighting       | 1 4 5 |  5.1
Dodging        | 3 5 6 |  6.1
Stealth        | |  2.0

Action                     |  1- 3 |  4- 6 |  7- 9 | 10-12 || total
---------------------------+-------+-------+-------+-------++-------
  Melee: Unarmed           |     3 |       |     1 |       ||     4
         Peck              |     1 |       |     3 |     2 ||     6
         Staff             |       |       |    12 |    11 ||    23
         Kick              |       |       |     3 |     6 ||     9
   Cast: Foxfire           |    42 |    42 |   203 |    67 ||   354
         Scorch            |     5 |    13 |   105 |    20 ||   143
         Inner Flame       |       |       |     5 |     1 ||     6
         Flame Wave        |       |       |     5 |    11 ||    16
    Use: Scroll            |     3 |     4 |    15 |     2 ||    24
         Potion            |     1 |     1 |     1 |       ||     3
 Armour: Robe              |    11 |    20 |    76 |    41 ||   148
  Dodge: Dodged            |    16 |    24 |   210 |   104 ||   354

Illustrated notes

Table legend:
 A = Kills in this place as a percentage of kills in the entire game.
 B = Kills by you in this place as a percentage of kills by you in the entire game.
 C = Kills by friends in this place as a percentage of kills by friends in the entire game.
 D = Other kills in this place as a percentage of other kills in the entire game.
 E = Experience gained in this place as a percentage of experience gained in the entire game.
 F = Experience gained in this place divided by the number of levels of this place that you have seen.
                   A       B       C       D       E      F
               +-------+-------+-------+-------+-------+----------------------
         Total | 100.0 | 100.0 |   N/A |   N/A | 100.0 | 841.9
       Dungeon |  77.9 |  77.9 |   N/A |   N/A |  75.4 | 825.8
          Lair |   4.7 |   4.7 |   N/A |   N/A |  21.0 | 2298.0
       Ossuary |  17.4 |  17.4 |   N/A |   N/A |   3.6 | 389.0
               +-------+-------+-------+-------+-------+----------------------

Table legend: (Time is in decaauts)
 A = Elapsed time spent in this place.
 B = Non-inter-level travel time spent in this place.
 C = Inter-level travel time spent in this place.
 D = Time resting spent in this place.
 E = Time spent auto-exploring this place.
 F = Levels seen in this place.
 G = Mean time per level.
                   A        B        C        D        E       F      G
               +--------+--------+--------+--------+--------+-----+--------+
         Total |  12224 |  11695 |    529 |    234 |   9678 |  13 |  940.3 |
       Dungeon |  10867 |  10339 |    528 |    140 |   8855 |  10 | 1086.7 |
        Temple |     26 |     26 |      0 |      0 |      0 |   1 |   26.0 |
          Lair |    152 |    152 |      0 |      0 |      0 |   1 |  152.0 |
       Ossuary |   1176 |   1176 |      0 |     94 |    823 |   1 | 1176.0 |
               +--------+--------+--------+--------+--------+-----+--------+

Top non-repeatable levels by time:
     D:5: 1683 daAuts
     D:9: 1247 daAuts
 Ossuary: 1176 daAuts
     D:8: 1138 daAuts
     D:4: 1125 daAuts
     D:1: 1044 daAuts
    D:10: 1025 daAuts
     D:7: 1012 daAuts
     D:2: 959 daAuts
     D:6: 817 daAuts
     D:3: 814 daAuts
  Lair:1: 152 daAuts
  Temple: 26 daAuts
